Selects Italian Combined Arms Battlegroup
Selects Bersaglieri Squad
Construct Light Support Kompanie
Selects Bersaglieri Bolster
Selects Semovente da 75/18 Assault Gun
Semovente da 75/18 Assault Gun
Construct Mechanized Kompanie
Selects Carro Armato M13/40 Light Tank
Carro Armato M13/40 Light Tank
Marder III Tank Destroyer
Construct Panzerarmee Kommand
Selects Vehicle Support - Force Recon
Walking Stuka Rocket Launcher
Marder III Tank Destroyer
Walking Stuka Rocket Launcher
Marder III Tank Destroyer
Marder III Tank Destroyer
Marder III Tank Destroyer
254 Reconnaissance Tractor
Marder III Tank Destroyer
Marder III Tank Destroyer